 Dungeon Crawl Stone Soup version 0.22-a0-252-gcace5d2d35 (webtiles) character file.

26154 NooBeakApe the Basher (level 12, -5/104 HPs)
             Began as a Minotaur Enchanter on Mar 1, 2018.
             Was an Elder of Makhleb.
             Killed from afar by a frost giant (12 damage)
             ... with a bolt of cold
             ... in an ice cave.
             The game lasted 00:34:57 (10604 turns).

NooBeakApe the Basher (Minotaur Enchanter)         Turns: 10604, Time: 00:34:58

Health: -5/104     AC: 20    Str: 22 (24) XL:     12   Next: 95%
Magic:  18/18      EV: 12    Int: 15 (16) God:    Makhleb [****..]
Gold:   690        SH: 12    Dex: 19 (21) Spells: 11/15 levels left

rFire    + . .     SeeInvis +   y - +7 mace of Obefycow {drain, *Slow Str+8 Int+4 Dex+2}
rCold    + . .     Gourm    .   Q - +0 shield
rNeg     . . .     Faith    .   G - +0 plate armour
rPois    .         Spirit   .   s - +0 hat of Lies {Dex+4}
rElec    .         Reflect  .   A - +0 cloak
rCorr    .         Harm     .   D - +0 pair of gloves
MR       .....                  p - +0 pair of boots
Stlth    ..........             J - amulet of magic regeneration
HPRegen  0.27/turn              w - +2 ring of evasion
MPRegen  0.41/turn              o - ring of protection from cold

@: flying
A: retaliatory headbutt, horns 2, talons 1, see invisible, fire resistance 1,
shaggy fur 1, strong 1, evolution 1
a: Minor Destruction, Lesser Servant of Makhleb, Major Destruction, Renounce
Religion


You were in an ice cave.
You worshipped Makhleb.
Makhleb was greatly pleased with you.
You were hungry.

You visited 3 branches of the dungeon, and saw 13 of its levels.
You also visited: Ossuary and Ice Cave.

You collected 690 gold pieces.

Inventory:

Hand Weapons
 a - a +0 rapier
 b - a +4 dire flail of protection
 y - the +7 mace of Obefycow (weapon) {drain, *Slow Str+8 Int+4 Dex+2}
   (You found it on level 4 of the Dungeon)

   A truly terrible weapon, it drains the life of those it strikes.
   It affects your strength (+8).
   It affects your intelligence (+4).
   It affects your dexterity (+2).
   It may slow you when you take damage.
Armour
 p - a +0 pair of boots (worn)
 s - the +0 hat of Lies (worn) {Dex+4}
   (You acquired it on level 2 of the Lair of Beasts)

   It affects your dexterity (+4).
 A - a +0 cloak (worn)
 D - a +0 pair of gloves (worn)
 G - a +0 plate armour (worn)
 Q - a +0 shield (worn)
Jewellery
 e - a +2 ring of evasion
 h - an uncursed ring of poison resistance
 o - a ring of protection from cold (right hand)
 q - an uncursed amulet of regeneration
 w - a +2 ring of evasion (left hand)
 I - an uncursed ring of protection from fire
 J - an amulet of magic regeneration (around neck)
Wands
 f - a wand of iceblast (5)
 i - a wand of clouds (8)
 u - a wand of flame (19)
 K - a wand of acid (8)
 M - a wand of enslavement (24)
 O - a wand of disintegration (17)
 V - a wand of random effects (54)
Scrolls
 c - 3 scrolls of amnesia {unknown}
 g - 6 scrolls of teleportation
 l - 3 scrolls of blinking {unknown}
 r - 3 scrolls of remove curse
 t - a scroll of immolation {unknown}
 x - 3 scrolls of fear {unknown}
 E - 3 scrolls of magic mapping {unknown}
 N - a scroll of silence {unknown}
 P - a scroll of enchant weapon {unknown}
Potions
 j - a potion of brilliance
 k - a potion of might
 m - 2 potions of haste
 n - 2 potions of ambrosia
 v - 6 potions of curing
 z - 2 potions of agility
 C - a potion of resistance
 F - 2 potions of lignification
 T - a potion of magic
Miscellaneous
 L - a phial of floods
Comestibles
 d - 30 rations
 H - 17 chunks of flesh


   Skills:
 + Level 9.3 Fighting
 - Level 4.0 Short Blades
 * Level 13.0 Maces & Flails
 + Level 11.1 Armour
 + Level 8.1 Dodging
 - Level 3.0 Stealth
 + Level 7.5 Shields
 - Level 2.0 Spellcasting
 - Level 2.0 Conjurations
 - Level 2.0 Hexes
 * Level 9.6 Invocations


You had 11 spell levels left.
You knew the following spells:

 Your Spells              Type           Power        Failure   Level  Hunger
a - Corona                Hex            #......      97%         1    #......
b - Dazzling Spray        Conj/Hex       #.....       100%        3    ###....


Dungeon Overview and Level Annotations

Branches:
Dungeon (9/15)             Temple (1/1) D:6            Lair (3/6) D:9
 Shoals (0/4) Lair:3        Snake (0/4) Lair:2
    Orc: D:9-12

Altars:
Ashenzari
Cheibriados
Dithmenos
Elyvilon
Fedhas
Gozag
Hepliaklqana
Kikubaaqudgha
Makhleb
Nemelex Xobeh
Okawaru
Qazlal
Ru
Sif Muna
Trog
Uskayaw
Vehumet
Wu Jian
Xom
Yredelemnul
Zin
The Shining One

Shops:
D:5 }   D:8 *


Innate Abilities, Weirdness & Mutations

You reflexively headbutt those who attack you in melee.
You have a pair of horns on your head.
You have sharp toenails.
You have supernaturally acute eyesight. (SInv)
Your flesh is heat resistant. (rF+)
You are covered in fur. (AC +1)
Your muscles are strong. (Str +2)
You evolve.


Message History

The frost giant gestures at you while chanting.
The bolt of cold hits you! You resist.
* * * LOW HITPOINT WARNING * * *
You swap places.
The frost giant gestures at you while chanting.
The bolt of cold hits your ynoxinul.
Your ynoxinul resists.
The bolt of cold misses you.
Okay, then.
A demon appears!
The frost giant hits your ynoxinul with a battleaxe of freezing!
The frost giant freezes your ynoxinul.
Your ynoxinul dies!
You swap places.
A demon appears!
The frost giant casts a spell at you. The bolt of cold hits your ynoxinul.
Your ynoxinul resists.
The bolt of cold hits you! You resist.
You die...

##§### #C#h## #§.hk#
##.#.## ≈≈≈# #.###k#
≈≈≈≈≈ #..##C##≈≈#≈#
##.#.3#≈≈≈≈≈#
##.##.##≈≈≈#≈≈ #
##.##.@#≈#≈≈≈≈≈ #
#.###≈#≈3≈≈≈≈# ##
##.##≈≈≈≈≈≈≈##
######§ #.⌠.##≈≈#≈≈##
##..##.§ ##.##≈≈##≈≈#
###§.###.# ####≈≈≈#
####.§..##..#
##≈≈#≈#####§.≈#§###..
#≈≈###≈##.#.#§#.####.
#≈≈# #≈#....####.###.


You could see a frost giant, a rime drake, a friendly neqoxec and a friendly
ynoxinul.

Vanquished Creatures
  The ghost of flinch the Covert, a journeyman OpEn of Dithmenos (Lair:1)
  4 hydras
  3 death yaks (IceCv)
  4 two-headed ogres
  A manticore (D:9)
  2 black mambas
  2 spiny frogs (Lair:3)
  5 komodo dragons (Lair:2)
  A troll (D:9)
  9 polar bears (IceCv)
  2 hippogriffs
  3 blink frogs (Lair:3)
  Sigmund (D:6)
  A vampire (D:8)
  28 yaks
  A hungry ghost (D:8)
  A steam dragon (D:8)
  Edmund (D:6)
  A naga (Lair:2)
  4 water moccasins
  2 porcupines (Lair:1)
  A sky beast (D:5)
  2 orc warriors
  9 ice beasts
  2 phantoms
  3 ogres
  24 wolves
  6 centaurs
  7 crocodiles
  Blork the orc (D:6)
  5 bullfrogs
  A big kobold (D:9)
  3 water moccasin zombies (Ossuary)
  3 scorpions
  A water moccasin skeleton (D:8)
  8 wights
  5 howler monkeys
  6 crimson imps
  A quasit (D:9)
  A gnoll shaman (D:6)
  A bullfrog zombie (D:7)
  A jelly (D:6)
  2 orc priests
  6 hounds
  A bullfrog skeleton (D:7)
  5 orc wizards
  2 centaur skeletons
  Crazy Yiuf (D:4)
  6 worker ants
  3 big kobold zombies (Ossuary)
  2 hound zombies
  2 hound skeletons
  2 mummies (Ossuary)
  A howler monkey skeleton (D:5)
  6 gnolls
  9 adders
  3 shadow imps
  3 adder zombies (Ossuary)
  An adder skeleton (D:4)
  A worm (D:2)
  2 dart slugs
  5 leopard geckos
  13 orcs
  2 giant cockroaches (D:5)
  A gnoll zombie (Ossuary)
  8 goblins
  6 hobgoblins
  4 quokkas
  6 bats
  5 frilled lizards
  7 hobgoblin zombies (Ossuary)
  A jackal skeleton (D:6)
  16 kobolds
  4 kobold zombies (Ossuary)
  5 orc zombies (Ossuary)
  A quokka skeleton (D:4)
  10 rats
320 creatures vanquished.

Vanquished Creatures (others)
  A yak (IceCv)
  3 wolves (IceCv)
  A plant (Lair:2)
5 creatures vanquished.

Grand Total: 325 creatures vanquished

Notes
Turn   | Place    | Note
-------+----------+-------------------------------------------
     0 | D:1      | NooBeakApe the Minotaur Enchanter began the quest for the Orb.
     0 | D:1      | Reached XP level 1. HP: 14/14 MP: 1/1
   181 | D:1      | Reached XP level 2. HP: 20/20 MP: 3/3
  1187 | D:2      | Reached XP level 3. HP: 25/26 MP: 4/4
  1718 | D:2      | Reached XP level 4. HP: 34/34 MP: 6/6
  2119 | D:2      | Learned a level 3 spell: Dazzling Spray
  2334 | D:3      | Reached skill level 1 in Armour
  2336 | D:3      | Found a glowing golden altar of the Shining One.
  2536 | D:3      | Reached skill level 1 in Fighting
  2885 | D:4      | Reached XP level 5. HP: 40/40 MP: 7/7
  2993 | D:4      | Noticed an ogre
  3000 | D:4      | Gained mutation: You evolve. [potion of mutation]
  3000 | D:4      | Gained mutation: You have sharp toenails. [potion of mutation]
  3000 | D:4      | Gained mutation: Your flesh is heat resistant. (rF+) [potion of mutation]
  3000 | D:4      | Gained mutation: Your muscles are strong. (Str +2) [potion of mutation]
  3013 | D:4      | Killed an ogre
  3013 | D:4      | Reached skill level 1 in Conjurations
  3013 | D:4      | Reached XP level 6. HP: 48/49 MP: 8/8
  3162 | D:4      | Identified the +7 mace of Obefycow {drain, *Slow Str+8 Int+4 Dex+2} (You found it on level 4 of the Dungeon)
  3186 | D:4      | Found a runed door.
  3407 | D:4      | Noticed Crazy Yiuf
  3411 | D:4      | Killed Crazy Yiuf
  3486 | D:5      | Entered Level 5 of the Dungeon
  3495 | D:5      | Found Huibrop's Gadget Shop.
  3733 | D:5      | Noticed an ice beast
  3743 | D:5      | Killed an ice beast
  3743 | D:5      | Reached XP level 7. HP: 50/57 MP: 9/9
  3810 | D:5      | Reached skill level 1 in Maces & Flails
  3817 | D:5      | Reached skill level 2 in Maces & Flails
  3879 | D:5      | Reached skill level 3 in Maces & Flails
  3879 | D:5      | Reached skill level 5 in Armour
  4049 | D:6      | Found a sand-covered staircase.
  4054 | Ossuary  | Entered an ossuary
  4103 | Ossuary  | Gained mutation: Your body sometimes deteriorates upon taking damage. [evolution]
  4105 | Ossuary  | Reached XP level 8. HP: 57/63 MP: 10/10
  4126 | Ossuary  | Reached skill level 4 in Maces & Flails
  4276 | D:6      | Reached skill level 5 in Maces & Flails
  4531 | D:6      | Noticed Blork the orc
  4538 | D:6      | Noticed Sigmund
  4542 | D:6      | Killed Blork the orc
  4542 | D:6      | Reached skill level 6 in Maces & Flails
  4551 | D:6      | Killed Sigmund
  4634 | D:6      | Found a shadowy altar of Dithmenos.
  4719 | D:6      | Found a staircase to the Ecumenical Temple.
  4908 | D:6      | Noticed Edmund
  4911 | D:6      | Killed Edmund
  4911 | D:6      | Reached skill level 7 in Maces & Flails
  4911 | D:6      | Reached XP level 9. HP: 72/72 MP: 11/11
  5096 | D:6      | Lost mutation: Your body sometimes deteriorates upon taking damage. [evolution]
  5126 | Temple   | Entered the Ecumenical Temple
  5406 | Temple   | Became a worshipper of Makhleb the Destroyer
  5513 | D:7      | Reached skill level 1 in Invocations
  5521 | D:7      | Reached skill level 5 in Fighting
  5867 | D:7      | Reached skill level 8 in Maces & Flails
  6031 | D:8      | Found Ruwkuin's General Store.
  6129 | D:8      | Reached skill level 1 in Shields
  6154 | D:8      | Reached * piety under Makhleb
  6327 | D:8      | Reached XP level 10. HP: 31/83 MP: 12/12
  6621 | D:8      | Reached skill level 9 in Maces & Flails
  6665 | D:8      | Noticed a two-headed ogre
  6674 | D:8      | Killed a two-headed ogre
  6739 | D:8      | Reached skill level 5 in Dodging
  7038 | D:9      | Found a staircase to the Lair.
  7039 | D:9      | Noticed a manticore
  7047 | D:9      | Killed a manticore
  7047 | D:9      | Reached skill level 5 in Invocations
  7136 | D:9      | Noticed a two-headed ogre
  7181 | D:8      | Killed a two-headed ogre
  7410 | D:9      | Reached ** piety under Makhleb
  7448 | D:9      | Reached skill level 10 in Maces & Flails
  7512 | D:9      | Noticed a two-headed ogre
  7518 | D:9      | Killed a two-headed ogre
  7689 | D:9      | Gained mutation: You have supernaturally acute eyesight. (SInv) [evolution]
  7707 | D:9      | Noticed a two-headed ogre
  7714 | D:9      | Killed a two-headed ogre
  7714 | D:9      | Reached XP level 11. HP: 89/92 MP: 14/14
  7960 | Lair:1   | Entered Level 1 of the Lair of Beasts
  8150 | Lair:1   | Noticed a seven-headed hydra
  8157 | Lair:1   | Noticed a four-headed hydra
  8160 | Lair:1   | Killed a seven-headed hydra
  8160 | Lair:1   | Reached skill level 5 in Shields
  8167 | Lair:1   | Killed a four-headed hydra
  8167 | Lair:1   | Reached skill level 11 in Maces & Flails
  8167 | Lair:1   | Reached skill level 10 in Armour
  8294 | Lair:1   | Noticed flinch's ghost (journeyman OpEn)
  8295 | Lair:1   | Noticed an eight-headed hydra
  8412 | Lair:1   | Killed an eight-headed hydra
  8437 | Lair:1   | Killed flinch's ghost
  8904 | Lair:2   | Found a staircase to the Snake Pit.
  8982 | Lair:2   | Identified a scroll of acquirement
  8985 | Lair:2   | Got a warped hat
  8996 | Lair:2   | Identified the +0 hat of Lies {Dex+4} (You acquired it on level 2 of the Lair of Beasts)
  9132 | Lair:2   | Reached *** piety under Makhleb
  9398 | Lair:2   | Reached XP level 12. HP: 84/102 MP: 17/17
  9768 | Lair:3   | Reached skill level 12 in Maces & Flails
  9832 | Lair:3   | Found a staircase to the Shoals.
  9979 | Lair:3   | Noticed a six-headed hydra
  9990 | Lair:3   | Killed a six-headed hydra
 10014 | Lair:3   | Found a frozen archway.
 10054 | IceCv    | Entered an ice cave
 10085 | IceCv    | Reached **** piety under Makhleb
 10331 | IceCv    | Noticed a death yak
 10332 | IceCv    | Noticed a death yak
 10361 | IceCv    | Killed a death yak
 10369 | IceCv    | Killed a death yak
 10454 | IceCv    | Reached skill level 13 in Maces & Flails
 10474 | IceCv    | Gained mutation: You are covered in fur. (AC +1) [evolution]
 10565 | IceCv    | Noticed a frost giant
 10565 | IceCv    | Noticed a death yak
 10584 | IceCv    | Killed a death yak
 10604 | IceCv    | Killed from afar by a frost giant

Vault maps used:
D:1:      ncdulo_watergridlock, minmay_pentomino_v4
D:2:      first_ration, minivault_14
D:3:      nicolae_tso_carved_into_rock
D:4:      uniq_crazy_yiuf_cottage
D:5:      serial_shops, nicolae_shop_statue_plus, kennysheep_cross_room,
          kennysheep_generic_room_12
D:6:      lemuel_doored_altar, minmay_temple_entry_statues_fountains,
          nicolae_ossuary_entry_false_entrances, uniq_edmund, uniq_sigmund,
          uniq_blork_the_orc
D:8:      serial_shops, nicolae_shop_behind_doors
D:9:      lair_entry_dummy
Temple:   roderic_octagonal_lattice_temple
Lair:1:   lemuel_fruit_fields
Lair:2:   guppyfry_snake_entry_garden, infiniplex_staircase_pool
Lair:3:   shoals_dummy_entry, portal_ice_cave_entry_ice_beasts,
          columned_hall_lemuel, grunt_megastairs_4, lemuel_fruit_tree
Ossuary:  ossuary_tomb_2
IceCv:    ice_cave_caverns_03

Skill      XL: |  1  2  3  4  5  6  7  8  9 10 11 12 |
---------------+-------------------------------------+-----
Spellcasting   | 2 |  2.0
Short Blades   | 2 3 4 |  4.0
Armour         | 1 2 3 5 7 8 9 10 11 | 11.1
Stealth        | 3 |  3.0
Fighting       | 1 2 3 4 6 7 8 9 |  9.3
Dodging        | 3 4 5 6 8 |  8.1
Conjurations   | 1 2 |  2.0
Maces & Flails | 3 7 8 10 11 13 | 13.0
Invocations    | 4 6 8 9 |  9.6
Shields        | 2 4 6 7 |  7.5
Hexes          | |  2.0

Action                   |  1- 3 |  4- 6 |  7- 9 | 10-12 || total
-------------------------+-------+-------+-------+-------++-------
Melee: Dagger            |    80 |   168 |       |       ||   248
       Headbutt          |     8 |    24 |    61 |   174 ||   267
       Mace              |       |    21 |   258 |   539 ||   818
Throw: Javelin           |       |       |       |     2 ||     2
Invok: Minor Destruction |       |       |       |    14 ||    14
       Lesser Servant of |       |       |       |     3 ||     3
       Major Destruction |       |       |       |     2 ||     2
Evoke: Wand              |       |     4 |       |     1 ||     5
  Use: Scroll            |     4 |     2 |     7 |     6 ||    19
       Potion            |       |     2 |     1 |     4 ||     7
 Stab: Sleeping          |     8 |     1 |       |       ||     9
  Eat: Chunk             |     2 |     7 |     9 |    14 ||    32
Armor: Robe              |     1 |       |       |       ||     1
       Ring mail         |     5 |    36 |    41 |       ||    82
       Skin              |       |     1 |       |       ||     1
       Chain mail        |       |       |    73 |   101 ||   174
       Plate armour      |       |       |       |   100 ||   100
Dodge: Dodged            |    53 |    90 |   192 |   263 ||   598
Block: Shield            |       |       |    20 |   329 ||   349

Table legend:
 A = Spawn XP
 B = Non-spawn XP
 C = Spawn XP percentage of total XP
 D = Spawn monster count
 E = Non-spawn monster count
 F = Spawn count percentage of total count
 G = Total turns spent on level
                    A         B        C        D         E        F      G
               +---------+---------+-------+---------+---------+-------+---------
         Total |       0 |   37363 |   0.0 |       0 |     322 |   0.0 | 10604
               +---------+---------+-------+---------+---------+-------+---------
           D:1 |       0 |      35 |   0.0 |       0 |      21 |   0.0 |  1045
           D:2 |       0 |      67 |   0.0 |       0 |      21 |   0.0 |  1075
           D:3 |       0 |      85 |   0.0 |       0 |      18 |   0.0 |   705
           D:4 |       0 |     408 |   0.0 |       0 |      11 |   0.0 |   661
           D:5 |       0 |     858 |   0.0 |       0 |      18 |   0.0 |   670
           D:6 |       0 |    1161 |   0.0 |       0 |      20 |   0.0 |   829
           D:7 |       0 |     913 |   0.0 |       0 |      15 |   0.0 |   560
           D:8 |       0 |    4146 |   0.0 |       0 |      31 |   0.0 |  1165
           D:9 |       0 |    4217 |   0.0 |       0 |      36 |   0.0 |   849
        Lair:1 |       0 |    6158 |   0.0 |       0 |      15 |   0.0 |   929
        Lair:2 |       0 |    5463 |   0.0 |       0 |      30 |   0.0 |   771
        Lair:3 |       0 |    4647 |   0.0 |       0 |      20 |   0.0 |   325
       Ossuary |       0 |     396 |   0.0 |       0 |      28 |   0.0 |   168
         IceCv |       0 |    8809 |   0.0 |       0 |      38 |   0.0 |   550
               +---------+---------+-------+---------+---------+-------+---------
